 Dungeon Crawl Stone Soup version 0.22-a0-618-gd6a3efe (webtiles) character file.

114 Hebeh the Firebug (level 4, -4/24 HPs)
             Began as a Deep Elf Fire Elementalist on July 14, 2018.
             Slain by a gnoll
             ... wielding a +0 halberd
              (8 damage)
             ... on level 2 of the Dungeon.
             The game lasted 00:09:13 (2328 turns).

Hebeh the Firebug (Deep Elf Fire Elementalist)      Turns: 2328, Time: 00:09:14

Health: -4/24      AC:  3    Str:  5    XL:     4   Next: 66%
Magic:  1/12       EV: 14    Int: 21    God:
Gold:   54         SH:  0    Dex: 15    Spells: 2/11 levels left

rFire    . . .     SeeInvis .   l - -1 short sword (curse)
rCold    . . .     Gourm    .   (no shield)
rNeg     . . .     Faith    .   a - +0 robe
rPois    .         Spirit   .   (no helmet)
rElec    .         Reflect  .   (no cloak)
rCorr    .         Harm     .   (no gloves)
MR       .....                  d - +0 pair of boots (curse)
Stlth    ++........             (no amulet)
HPRegen  0.08/turn              (no ring)
MPRegen  0.13/turn              (no ring)

@: very slightly contaminated
A: no striking features
a: no special abilities


You were on level 2 of the Dungeon.
You were hungry.

You visited 1 branch of the dungeon, and saw 2 of its levels.

You collected 54 gold pieces.

Inventory:

Hand Weapons
 b - a +0 club
 g - a cursed -2 short sword
 l - a cursed -1 short sword (weapon)
Missiles
 k - 6 stones (quivered)
 o - 27 arrows
Armour
 a - a +0 robe (worn)
 d - a cursed +0 pair of boots (worn)
Scrolls
 h - 2 scrolls of teleportation {unknown}
 j - a scroll of identify {unknown}
Potions
 e - 2 potions of agility {unknown}
 f - a potion of brilliance {unknown}
 i - a potion of degeneration {unknown}
 m - a potion of heal wounds {unknown}
Comestibles
 c - 3 rations
 n - a chunk of flesh


   Skills:
 + Level 3.4 Dodging
 - Level 2.4 Stealth
 + Level 4.0 Spellcasting
 * Level 3.1 Conjurations
 + Level 4.0 Fire Magic


You had 2 spell levels left.
You knew the following spells:

 Your Spells              Type           Power        Failure   Level  Hunger
a - Flame Tongue          Conj/Fire      ###..        2%          1    None
b - Throw Flame           Conj/Fire      ###...       4%          2    #......
c - Conjure Flame         Conj/Fire      ###.....     9%          3    ###....
d - Inner Flame           Hex/Fire       ##......     16%         3    ###....

Your spell library contained the following spells:

 Spells                   Type           Power        Failure   Level  Hunger
 Fireball                 Conj/Fire      ###.......   58%         5    ######.
 Sticky Flame             Conj/Fire      ###.....     26%         4    ####...


Dungeon Overview and Level Annotations

Branches:
Dungeon (2/15)

Altars:


Message History

Press: ? - help, Shift-Dir - straight line, f/p - gnoll
Aim: a gnoll, wielding a club (moderately wounded)
The flame tongue hits the gnoll.
The gnoll is heavily wounded.
The gnoll closely misses you.
Casting: Flame Tongue (safe; 2% risk of failure)
Confirm with . or Enter, or press ? or * to list all spells.
Aiming: Flame Tongue (safe; 2% risk of failure)
Press: ? - help, Shift-Dir - straight line, f/p - gnoll
Aim: a gnoll, wielding a club (heavily wounded)
You miscast Flame Tongue.
You are very lightly contaminated with residual magic.
Nothing appears to happen.
The gnoll barely misses you.
Casting: Flame Tongue (safe; 2% risk of failure)
Confirm with . or Enter, or press ? or * to list all spells.
You don't have enough magic to cast that spell.
The gnoll shouts!
The gnoll closely misses you.
The gnoll hits you from afar with a halberd!
You die...

.. #......# .
#..###.# #
#....#.# ##.#.#.#
#.#.#.# #.....#
###.### ########
######.#
##......###..)@..#
......#.....g..###
..P≈..#..##.##g#
#≈PP≈P≈≈......##.#
PP≈≈≈P.#..#####.#
≈≈≈≈≈.#..#####.#
♣≈♣≈≈P≈........# P
♣≈♣≈≈≈P..#######
≈♣♣♣P♣♣≈PP..#


You could see 2 gnolls.

Vanquished Creatures
  3 adders (D:2)
  2 gnolls (D:2)
  2 oozes
  2 worms (D:2)
  4 leopard geckos
  3 bats
  6 giant cockroaches
  2 goblins (D:1)
  5 hobgoblins
  5 jackals (D:1)
  A quokka (D:2)
  A ball python (D:2)
  A frilled lizard (D:2)
  6 kobolds
  3 rats (D:1)
46 creatures vanquished.

Vanquished Creatures (others)
  A plant (D:2)
1 creature vanquished.

Grand Total: 47 creatures vanquished

Notes
Turn   | Place    | Note
-------+----------+-------------------------------------------
     0 | D:1      | Hebeh the Deep Elf Fire Elementalist began the quest for the Orb.
     0 | D:1      | Reached XP level 1. HP: 10/10 MP: 6/6
   219 | D:1      | Reached XP level 2. HP: 9/15 MP: 2/8
   905 | D:1      | Reached XP level 3. HP: 16/19 MP: 6/9
  1401 | D:1      | Learned a level 2 spell: Throw Flame
  1405 | D:1      | Learned a level 3 spell: Conjure Flame
  1409 | D:1      | Learned a level 3 spell: Inner Flame
  1760 | D:2      | Reached XP level 4. HP: 24/24 MP: 8/11
  2328 | D:2      | Slain by a gnoll

Vault maps used:
D:1:      dpeg_arrival_chambers_temple_mockup, minmay_misc_feat_pillars
D:2:      first_ration, serial_bayou_lagoon_a

Skill      XL: |  1  2  3  4 |
---------------+-------------+-----
Conjurations   | 2 3 |  3.1
Dodging        | 3 |  3.4
Fire Magic     | 4 |  4.0
Spellcasting   | 4 |  4.0
Stealth        | |  2.4

Action                   |  1- 3 |  4- 6 || total
-------------------------+-------+-------++-------
Melee: Short sword       |       |     8 ||     8
Throw: Stone             |       |     7 ||     7
 Cast: Flame Tongue      |    56 |    23 ||    79
       Throw Flame       |     7 |    13 ||    20
       Conjure Flame     |       |     1 ||     1
  Eat: Chunk             |     3 |     1 ||     4
Armor: Robe              |       |     1 ||     1
Dodge: Dodged            |    15 |    10 ||    25

Table legend:
 A = Spawn XP
 B = Non-spawn XP
 C = Spawn XP percentage of total XP
 D = Spawn monster count
 E = Non-spawn monster count
 F = Spawn count percentage of total count
 G = Total turns spent on level
                    A         B        C        D         E        F      G
               +---------+---------+-------+---------+---------+-------+---------
         Total |       0 |     163 |   0.0 |       0 |      46 |   0.0 |  2328
               +---------+---------+-------+---------+---------+-------+---------
           D:1 |       0 |      51 |   0.0 |       0 |      24 |   0.0 |  1413
           D:2 |       0 |     112 |   0.0 |       0 |      22 |   0.0 |   915
               +---------+---------+-------+---------+---------+-------+---------
